 Dungeon Crawl Stone Soup version 0.25-a0-592-g443c2f7 (webtiles) character file.

Game seed: 7116583820801323659, levelgen mode: deterministic

49 Auros the Changer (level 3, -3/28 HPs)
             Began as a Draconian Transmuter on Mar 14, 2020.
             Slain by Sigmund
             ... wielding a +0 scythe
              (9 damage)
             ... on level 2 of the Dungeon.
             The game lasted 00:04:50 (1357 turns).

Auros the Changer (Draconian Transmuter)            Turns: 1357, Time: 00:04:51

Health: -3/28      AC:  8    Str: 16    XL:     3   Next: 53%
Magic:  5/6        EV: 12    Int: 14    God:
Gold:   82         SH:  0    Dex: 11    Spells: 2/6 levels left

rFire    . . .     SeeInvis .     - Unarmed
rCold    . . .     Gourm    .   (no shield)
rNeg     . . .     Faith    .   (armour unavailable)
rPois    .         Spirit   .   (helmet restricted)
rElec    .         Reflect  .   (no cloak)
rCorr    .         Harm     .   h - +2 pair of gloves
MR       .....                  (no boots)
Stlth    +.........             (no amulet)
HPRegen  0.09/turn              g - +4 ring of strength
MPRegen  0.10/turn              (no ring)

@: very slightly contaminated
A: unfitting armour, cold-blooded, AC +5
a: no special abilities


You were on level 2 of the Dungeon.
You were hungry.

You visited 1 branch of the dungeon, and saw 2 of its levels.

You collected 82 gold pieces.

Inventory:

Missiles
 a - 12 arrows
 n - 16 sling bullets
 Z - 159 stones (quivered)
Armour
 h - a +2 pair of gloves (worn)
Jewellery
 g - a +4 ring of strength (left hand)
Scrolls
 c - a scroll of remove curse
 e - a scroll of blinking {unknown}
 l - a scroll of fear {unknown}
 m - a scroll of identify {unknown}
Potions
 f - a potion of lignification {unknown}
 i - 2 potions of stabbing {unknown}
 j - 2 potions of curing {unknown}
 k - a potion of brilliance {unknown}
Comestibles
 z - a ration


   Skills:
 - Level 1.1 Fighting
 - Level 1.7 Dodging
 - Level 3.0 Unarmed Combat
 - Level 2.0 Spellcasting
 + Level 4.0 Transmutations


You had 2 spell levels left.
You knew the following spells:

 Your Spells              Type           Power        Failure   Level  Hunger
a - Beastly Appendage     Tmut           ##....       4%          1    ##.....
b - Spider Form           Tmut/Pois      #.........   30%         3    ####...

Your spell library contained the following spells:

 Spells                   Type           Power        Failure   Level  Hunger
 Sticks to Snakes         Tmut           ##......     7%          2    ###....
 Ice Form                 Ice/Tmut       #.......     71%         4    #####..
 Blade Hands              Tmut           ##........   77%         5    ######.


Dungeon Overview and Level Annotations

Branches:
Dungeon (2/15)

Altars:

Annotations:
D:2 Sigmund


Innate Abilities, Weirdness & Mutations

Your plain brown scales are hard. (AC +5)
You cannot fit into any form of body armour.
You are cold-blooded and may be slowed by cold attacks.


Message History

You bump into the rock wall.
A magic dart appears from out of thin air!
The magic dart hits you.
* * * LOW HITPOINT WARNING * * *
You bump into the rock wall.
You bump into the rock wall.
You hear some strange, mumbled words.
A puff of flame appears from out of thin air!
The puff of flame hits you.
* * * LOW HITPOINT WARNING * * *
You bump into the rock wall.
You feel less confused. Something hits you!
* * * LOW HITPOINT WARNING * * *
As you read the scroll labeled ESONGOHEH, it crumbles to dust.
The creatures around you are filled with an inner flame!
It was a scroll of immolation.
Sigmund appears from thin air!
Reactivating autopickup.
Sigmund hits you from afar with a +0 scythe!
You die...

#.# ### # #.########.##
####### #### #........#.#
#...... #...##
##.######.## #.###.#
#.#..###.## #...#
#####.####. ......#.##
#...# #.......##.
....%..## #..@#
#.###.#.##. #.##†### ###.#
#.# #.#.... #...# #@# #.#
#...... #..#.# ###.# #.#
######. ..#.+# #.#.# #.#
#. .# # ## #..# #.# #. .
#.###.# #.#########
##.#.## #.......###
####...###########...<.##.
+..........[............'.
####...###########.....##.


You could see Sigmund (inner flame).

Vanquished Creatures
  An adder (D:2)
  A worm (D:2)
  A dart slug (D:1)
  3 giant cockroaches (D:1)
  5 goblins
  3 hobgoblins
  4 kobolds
  A quokka (D:2)
  7 bats
  A frilled lizard (D:1)
  7 rats
34 creatures vanquished.

Notes
Turn   | Place    | Note
-------+----------+-------------------------------------------
     0 | D:1      | Auros the Draconian Transmuter began the quest for the Orb.
     0 | D:1      | Reached XP level 1. HP: 16/16 MP: 3/3
   155 | D:1      | Reached XP level 2. HP: 23/23 MP: 5/5
   242 | D:1      | Reached skill level 3 in Transmutations
   762 | D:2      | Reached XP level 3. HP: 22/28 MP: 4/6
   852 | D:2      | Learned a level 3 spell: Spider Form
  1320 | D:2      | Reached skill level 4 in Transmutations
  1329 | D:2      | Noticed Sigmund
  1357 | D:2      | Slain by Sigmund

Levels and vault maps discovered:
D:1:      onia_arrival_larder, layout_rooms, hangedman_decor_clover_reticule
D:2:      layout_loops_corners, marbit_many_paths, kennysheep_doodads,
          uniq_sigmund, uniq_terence

Skill      XL: |  1  2  3 |
---------------+----------+-----
Transmutations | 3 4 |  4.0
Fighting       | |  1.1
Dodging        | |  1.7
Unarmed Combat | |  3.0
Spellcasting   | |  2.0

Action                   || total
-------------------------++-------
Melee: Unarmed           ||    97
       Tailslap          ||     8
       Headbutt          ||     3
       Punch             ||     2
 Cast: Beastly Appendage ||     4
       Spider Form       ||     1
  Use: Scroll            ||     2
 Stab: Sleeping          ||     1
  Eat: Chunk             ||     1
Armor: Skin              ||    36
Dodge: Dodged            ||    55

Table legend:
 A = Non-vault XP
 B = Vault XP
 C = Vault XP percentage of total XP
 D = Non-vault monster count
 E = Vault monster count
 F = Vault count percentage of total count
                 A         B        C        D         E       F
            +---------+---------+-------+---------+---------+-------
      Total |      67 |       4 |   5.6 |      31 |       3 |   8.8
            +---------+---------+-------+---------+---------+-------
        D:1 |      32 |       4 |  11.1 |      18 |       3 |  14.3
        D:2 |      35 |       0 |   0.0 |      13 |       0 |   0.0
            +---------+---------+-------+---------+---------+-------
